 Dungeon Crawl Stone Soup version 0.27.1-4-g1640c2035a (webtiles) character file.

Game seed: 3485217067074592121

264 Yllest the Grave Robber (level 5, 0/28 HPs)
             Began as a Deep Elf Necromancer on Nov 16, 2021.
             Slain by a kobold (4 damage)
             ... on level 7 of the Dungeon.
             The game lasted 00:09:13 (3593 turns).

Yllest the Grave Robber (Deep Elf Necromancer)      Turns: 3593, Time: 00:09:16

Health: 0/28       AC:  2    Str:  5    XL:     5   Next: 98%
Magic:  4/14       EV: 13    Int: 21    God:
Gold:   85         SH:  0    Dex: 15    Spells: 8/13 levels left

rFire    x . .     SeeInvis .   (no weapon)
rCold    + . .     Faith    .   (no shield)
rNeg     . . .     Spirit   .   a - +0 robe
rPois    .         Reflect  .   (no helmet)
rElec    .         Harm     .   (no cloak)
rCorr    +         Rampage  .   (no gloves)
Will     .....                  (no boots)
Stlth    ++........             (no amulet)
HPRegen  0.09/turn              d - ring of resist corrosion
MPRegen  0.14/turn              m - ring of ice

@: slowed, very slow
A: no striking features
a: no special abilities


You were on level 7 of the Dungeon.
You visited 1 branch of the dungeon, and saw 5 of its levels.

You collected 85 gold pieces.

Inventory:

Armour
 a - a +0 robe (worn)
 h - a +0 pair of gloves
Jewellery
 d - a ring of resist corrosion (left hand)
 m - a ring of ice (right hand)
Scrolls
 b - 2 scrolls of teleportation {unknown}
 c - a scroll of vulnerability {unknown}
 e - a scroll of identify {unknown}
 g - a scroll of brand weapon {unknown}
 i - a scroll of immolation {unknown}
 k - a scroll of noise {unknown}
Potions
 j - a potion of curing


   Skills:
 * Level 3.5 Dodging
 + Level 2.6 Stealth
 + Level 4.9 Spellcasting
 * Level 7.4 Necromancy


You had 8 spell levels left.
You knew the following spells:

 Your Spells              Type           Power      Damage    Failure   Level
a - Pain                  Necr           100%       1d9       1%          1
b - Animate Skeleton      Necr           72%        N/A       1%          1
c - Vampiric Draining     Necr           18%        2d8       1%          3

Your spell library contained the following spells:

 Spells                   Type           Power      Damage    Failure   Level
 Animate Dead             Necr           18%        N/A       5%          4
 Magic Dart               Conj           20%        1d4       11%         1
 Agony                    Necr           36%        N/A       14%         5
 Call Imp                 Summ           5%         N/A       17%         2
 Ignite Poison            Fire/Tmut/Pois 5%         N/A       32%         3
 Mephitic Cloud           Conj/Pois/Air  5%         N/A       32%         3
 Bolt of Magma            Conj/Fire/Erth 2%         4d4       97%         5


Dungeon Overview and Level Annotations

Branches:
Dungeon (4/15)
 Temple: D:4-7

Altars:
Makhleb


Message History

The kobold shouts!
Casting: Vampiric Draining (safe; 1% risk of failure)
Confirm with . or Enter, or press ? or * to list all spells.
Aiming: Vampiric Draining (safe; 1% risk of failure)
Press: ? - help, Shift-Dir - straight line, f - kobold brigand
Aim: a kobold brigand, wielding a +0 short sword and quivering curare-tipped darts You draw life force from the kobold brigand!
You feel life coursing into your body.
The kobold brigand hits you with a +0 short sword.
Casting: Vampiric Draining (safe; 1% risk of failure)
Confirm with . or Enter, or press ? or * to list all spells.
Aiming: Vampiric Draining (safe; 1% risk of failure)
Press: ? - help, Shift-Dir - straight line, f/p - kobold brigand
Aim: a kobold brigand, wielding a +0 short sword and quivering curare-tipped darts (heavily wounded)
You draw life force from the kobold brigand!
You feel life coursing into your body.
The kobold brigand hits you with a +0 short sword. x2
As you read the scroll labelled JEJ JYUWIRA, it crumbles to dust.
Your body is wracked with pain!
* * * LOW HITPOINT WARNING * * *
The kobold brigand convulses!
The kobold convulses!
It was a scroll of torment.
The kobold brigand misses you.
The kobold hits you with a +1 short sword of speed.
* * * LOW HITPOINT WARNING * * *
The kobold misses you. The kobold closely misses you.
Casting: Vampiric Draining (safe; 1% risk of failure)
Confirm with . or Enter, or press ? or * to list all spells.
Aiming: Vampiric Draining (safe; 1% risk of failure)
Press: ? - help, Shift-Dir - straight line, f/p - kobold brigand
Aim: a kobold brigand, wielding a +0 short sword and quivering curare-tipped darts (almost dead)
You draw life force from the kobold brigand!
You kill the kobold brigand!
You feel life coursing into your body.
The kobold throws a stone.
The stone completely misses you. The kobold barely misses you.
The kobold hits you with a +1 short sword of speed.
* * * LOW HITPOINT WARNING * * *
The kobold wields a +0 hand crossbow.
The kobold shoots a bolt.
The bolt closely misses you.
The kobold hits you with a +1 short sword of speed.
You die...

.........#
........#
+#####.........#
................#
.................#
..........##......#
..........##......#
..........##@K....#
..........##)K....#
........KK)KK....##
......K...###....#
..........# .....#
..........# ..(....
.K........# ###.##.
..........# ..#
............ ..#


You could see 4 kobolds.

Vanquished Creatures
  A water moccasin (D:7)
  An ogre (D:4)
  A kobold brigand (D:7)
  An orc priest (D:4)
  2 adders (D:2)
  5 worms
  4 orcs (D:4)
  3 endoplasms
  A giant cockroach (D:1)
  8 goblins
  4 hobgoblins
  3 ball pythons
  3 bats
  A frilled lizard (D:2)
  3 kobolds
  A rat (D:1)
42 creatures vanquished.

Notes
Turn   | Place    | Note
-------+----------+-------------------------------------------
     0 | D:1      | Yllest the Deep Elf Necromancer began the quest for the
                  | Orb.
     0 | D:1      | Reached XP level 1. HP: 10/10 MP: 6/6
    19 | D:1      | Reached skill level 5 in Necromancy
   440 | D:1      | Found a faded altar of an unknown god.
  1003 | D:2      | Reached XP level 2. HP: 12/15 MP: 5/8
  1283 | D:2      | Learned a level 1 spell: Animate Skeleton
  1509 | D:2      | Reached XP level 3. HP: 8/19 MP: 0/9
  1513 | D:2      | Learned a level 3 spell: Vampiric Draining
  2093 | D:2      | Reached skill level 6 in Necromancy
  3359 | D:3      | Found a burning altar of Makhleb.
  3359 | D:3      | Noticed a balrug
  3362 | D:3      | Noticed an orange demon
  3362 | D:3      | Noticed a smoke demon
  3384 | D:4      | Reached XP level 4. HP: 20/24 MP: 7/11
  3394 | D:4      | Noticed an ogre
  3505 | D:4      | Killed an ogre
  3506 | D:4      | Reached XP level 5. HP: 28/28 MP: 5/13
  3564 | D:4      | You fall into a shaft and drop 3 floors!
  3567 | D:7      | Noticed a water moccasin
  3573 | D:7      | Killed a water moccasin
  3574 | D:7      | Reached skill level 7 in Necromancy
  3593 | D:7      | Slain by a kobold

Illustrated notes

Levels and vault maps discovered:
D:1:      minmay_arrival_radiant_lines, layout_basic,
          shapermc_ecumenical_altar_mp_urbaneastern,
          ebering_dispersal_statue_hall
D:2:      layout_basic
D:3:      layout_loops_ring, makhleb_altar_promises_db
D:4:      layout_loops_ring, minmay_temple_entry_statues_pillars,
          serial_co_window_serial, co_window_corner_a, co_window_paths_b,
          co_window_corner_a, co_window_paths_a, co_window_of_opportunity_a,
          co_window_unsneaky_path_b, co_window_cross_3, co_window_cross_2,
          co_window_sun, glass_columns_b, glass_columns_c, glass_columns_c,
          glass_columns_b, minmay_between, uniq_pikel
D:7:      layout_basic, minmay_parallelograms

Skill      XL: |  1  2  3  4  5 |
---------------+----------------+-----
Necromancy     | 5 6 7 |  7.4
Dodging        | 3 |  3.5
Spellcasting   | 4 |  4.9
Stealth        | |  2.6

Action                   |  1- 3 |  4- 6 || total
-------------------------+-------+-------++-------
 Cast: Pain              |    70 |    12 ||    82
       Animate Skeleton  |     2 |     2 ||     4
       Vampiric Draining |     1 |     8 ||     9
  Use: Potion            |       |     4 ||     4
       Scroll            |       |     1 ||     1
Armor: Robe              |     2 |       ||     2
Dodge: Dodged            |    10 |    13 ||    23
